Map: World of Sleepers LE

Players

WinterSC

  • Race: Zerg Zerg
  • League: Master
  • Spawn Location: 7:00

Spy - Winner!

  • Race: Zerg Zerg
  • League: Master
  • Spawn Location: 1:00

VOD

Have the link to the VOD?

Description

Time

  • Played on: Nov. 6, 2019, 9:08 p.m.
  • Length: 4:12
Show
View Real Time Build Order
Export as new Build Order

WinterSC Zerg 

Build Orders: Hatch First 

Get SALT Encoding   

  12  0:01  Drone  
  13  0:15  Overlord  
  13  0:19  Drone  
  14  0:34  Drone  
  14  0:35  Drone  
  16  0:38  Drone  
  17  0:56  Hatchery  
  16  0:58  Drone  
  16  1:04  Drone  
  18  1:14  Extractor  
  17  1:18  Spawning Pool  
  17  1:21  Drone x2  
  18  1:31  Drone  
  19  1:41  Overlord  
  19  1:55  Drone  
  20  2:06  Queen  
  20  2:07  Zergling x2  
  23  2:09  Zergling x2, Queen  
  23  2:13  Metabolic Boost  
  26  2:16  Drone  
  26  2:20  Drone  
  28  2:30  Drone x2  
  30  2:40  Overlord  
  30  2:48  Hatchery  
  30  2:50  Overlord  
  29  2:52  Zergling x2  
  30  3:02  Baneling Nest  
  30  3:04  Drone x2  
  31  3:08  Zergling x4  
  33  3:16  Drone  
  33  3:17  Zergling x4  
  36  3:29  Zergling x4  
  36  3:31  Zergling x4  
  36  3:34  Zergling x4  
  38  3:43  Zergling x4  
Show
View Real Time Build Order
Export as new Build Order

Spy Zerg - Winner!

Build Orders: Hatch First 

Get SALT Encoding   

  12  0:00  Drone  
  13  0:10  Drone  
  14  0:15  Drone, Extractor  
  15  0:38  Hatchery  
  15  0:42  Extractor  
  13  0:56  Spawning Pool  
  12  1:01  Drone  
  13  1:05  Drone  
  14  1:20  Overlord  
  14  1:43  Zergling x2  
  14  1:44  Metabolic Boost, Queen  
  17  1:52  Zergling x2  
  18  1:57  Zergling x2  
  18  1:58  Zergling x2  
  18  2:00  Zergling x2  
  21  2:07  Zergling x2  
  22  2:14  Zergling x4  
  24  2:18  Zergling x2  
  25  2:29  Queen  
  27  2:45  Zergling x2, Overlord  
  28  2:55  Overlord  
  27  3:06  Zergling x6  
  27  3:07  Zergling x6  
  33  3:15  Zergling x4  
  33  3:18  Zergling x2  
  36  3:29  Zergling x6  
  38  3:37  Zergling x2  
  39  3:47  Zergling x4  
  39  3:48  Zergling x4  
  43  3:55  Zergling x4  
Tags
 
Add a new tag
Caveats
  • Supply blocks, unpowered buildings, or Contaminate may cause inaccurate times.
  • Supply counts are checked every 10 seconds.